 Dungeon Crawl Stone Soup version 0.26-a0-812-g31a745ddcd (webtiles) character file.

Game seed: 43336066292887133

7315 kae the Cleaver (level 11, -6/97 HPs)
             Began as a Hill Orc Abyssal Knight on Dec 10, 2020.
             Was a High Priest of Lugonu.
             Mangled by a gargoyle
             ... wielding a +0 flail
              (14 damage)
             ... on level 10 of the Dungeon.
             The game lasted 00:09:06 (12323 turns).

kae the Cleaver (Hill Orc Abyssal Knight)          Turns: 12323, Time: 00:09:06

Health: -6/97      AC:  5    Str: 19    XL:     11   Next: 13%
Magic:  11/19      EV: 14    Int: 21    God:    Lugonu [*****.]
Gold:   539        SH:  0    Dex: 10    Spells: 10/10 levels left

rFire    . . .     SeeInvis .   m - +5 hand axe of Frustration {vamp, Int+3}
rCold    . . .     Faith    .   (no shield)
rNeg     . . .     Spirit   .   (no armour)
rPois    .         Reflect  .   (no helmet)
rElec    .         Harm     .   h - +1 cloak
rCorr    .         Rampage  .   l - +2 pair of gloves
MR       .....                  (no boots)
Stlth    ..........             (no amulet)
HPRegen  0.26/turn              B - +6 ring of intelligence
MPRegen  0.16/turn              H - ring of attention

@: lethally poisoned (-6 -> -14), studying Invocations
A: no striking features
a: Depart the Abyss, Bend Space, Banish, Corrupt, Enter the Abyss, Renounce
Religion


You were on level 10 of the Dungeon.
You worshipped Lugonu.
Lugonu was extremely pleased with you.
You visited 1 branch of the dungeon, and saw 10 of its levels.
You visited the Abyss 1 time.
You also visited: Sewer and Ossuary.

You collected 539 gold pieces.

Inventory:

Hand Weapons
 a - a +2 hand axe
 m - the +5 hand axe of Frustration (weapon) {vamp, Int+3}
   (You found it on level 4 of the Dungeon)

   It inflicts no extra harm, but heals its wielder when it wounds a living foe.
   It affects your intelligence (+3).
 E - a +0 battleaxe
Armour
 h - a +1 cloak (worn)
 l - a +2 pair of gloves (worn)
Jewellery
 e - an uncursed ring of wizardry
 v - an uncursed ring of magical power
 B - a +6 ring of intelligence (left hand)
 H - a ring of attention (right hand)
Wands
 r - a wand of acid (7)
 w - a wand of iceblast (8)
 y - a wand of enslavement (8)
 A - a wand of flame (2)
Scrolls
 c - 3 scrolls of teleportation
 f - 3 scrolls of enchant weapon
 g - 2 scrolls of remove curse
 k - 2 scrolls of blinking
 n - a scroll of enchant armour
 p - a scroll of amnesia
 q - a scroll of identify
 t - 2 scrolls of fog
Potions
 b - a potion of berserk rage
 d - 9 potions of curing
 i - 4 potions of mutation
 j - 11 potions of heal wounds
 o - 2 potions of lignification
 s - 6 potions of flight
 x - 2 potions of might
 z - a potion of attraction
 C - a potion of haste
 D - a potion of resistance
 F - a potion of magic
 G - a potion of invisibility
Books
 u - a manual of Invocations


   Skills:
 + Level 9.0 Fighting
 * Level 12.7 Axes
 + Level 7.8 Armour
 + Level 5.7 Dodging
 + Level 11.3 Invocations


You had 10 spell levels left.
You didn't know any spells.
Your spell library contained the following spells:

 Spells                   Type           Power        Failure   Level
 Animate Skeleton         Necr           #.....       19%         1
 Apportation              Tloc           #.....       19%         1
 Beastly Appendage        Tmut           #.....       19%         1
 Corona                   Hex            #......      19%         1
 Freeze                   Ice            #...         19%         1
 Magic Dart               Conj           #...         19%         1
 Sandblast                Erth           #.....       19%         1
 Summon Small Mammal      Summ           #...         19%         1
 Blink                    Tloc           N/A          26%         2
 Call Imp                 Summ           #.......     26%         2
 Passwall                 Tmut/Erth      #.......     26%         2
 Slow                     Hex            #.......     26%         2
 Wereblood                Tmut           #.......     26%         2
 Conjure Flame            Conj/Fire      #.......     47%         3
 Frozen Ramparts          Ice            #.....       47%         3
 Mephitic Cloud           Conj/Pois/Air  #.......     47%         3
 Ozocubu's Armour         Ice            #.......     47%         3
 Spider Form              Tmut/Pois      #.........   47%         3
 Stone Arrow              Conj/Erth      #.....       47%         3
 Hailstorm                Conj/Ice       #.......     87%         4
 Ice Form                 Ice/Tmut       #.......     87%         4
 Petrify                  Tmut/Erth      #.......     87%         4
 Summon Ice Beast         Ice/Summ       #.......     87%         4
 Blade Hands              Tmut           #.........   99%         5
 Lee's Rapid Deconstruct  Erth           #.........   99%         5


Dungeon Overview and Level Annotations

Branches:
Dungeon (10/15)            Temple (0/1) D:4           Sewer (visited)
Ossuary (visited)
   Lair: D:8-11         Orc: D:9-12

Altars:
Cheibriados
Dithmenos
Kikubaaqudgha
Nemelex Xobeh
Yredelemnul
The Shining One

Annotations:
D:5 1 runed translucent door


Message History

The gargoyle hurls a stone arrow at you.
The stone arrow hits you!!
* * * LOW HITPOINT WARNING * * *
Press: ? - help, Shift-Dir - straight line, f - hornet
Aim: a hornet (moderately wounded, chance to defeat MR: 81%)
The hornet is devoured by a tear in reality.
Lugonu claims a new guest.
Your Fighting skill increases to level 9!
You feel sick. The gargoyle completely misses you.
The wight completely misses you.
A wight comes into view. It is wielding a +2 halberd.
Press: ? - help, Shift-Dir - straight line, f - gargoyle
Aim: a gargoyle, wielding a +0 flail (translocational energy, lightly damaged, chance to defeat MR: 75%)
The gargoyle struggles to resist.
Lugonu is no longer ready to corrupt your weapon.
You feel yourself speed up.
You feel sick. The gargoyle hits you with a +0 flail!
* * * LOW HITPOINT WARNING * * *
The wight barely misses you. The gargoyle hits you with a +0 flail!
You die...

#......#
#.z....#
#......#
#......#
#......#
#..§z..+
#...z9z#
#.#§@§.#
#.#....#
#.#....#
#......#
#......####
#.........#.
#...........
#...........
#...........


You could see a gargoyle and 4 wights.

Vanquished Creatures
  Joseph (D:7)
  Prince Ribbit (D:7)
  A hornet (D:8)
  Grinder (Sewer)
  A wraith (D:10)
  Eustachio (D:4)
  Edmund (D:4)
  A water moccasin (D:8)
  2 black bears
  6 orc warriors
  A sky beast (D:7)
  3 ice beasts
  2 necrophages
  2 phantoms
  6 ogres
  4 centaurs
  Blork the orc (D:6)
  6 bullfrogs
  A gnoll sergeant (D:5)
  A wyvern zombie (D:6)
  2 scorpions
  10 killer bees
  6 wights
  3 howler monkeys (D:8)
  A bullfrog zombie (D:6)
  A centaur skeleton (D:4)
  A human zombie (Ossuary)
  6 orc priests
  6 hounds
  A jelly (D:9)
  5 orc wizards
  A bullfrog skeleton (D:9)
  3 iguanas
  7 worker ants
  Terence (D:2)
  6 big kobold zombies
  A howler monkey zombie (D:5)
  3 mummies (Ossuary)
  2 worker ant zombies
  11 adders
  3 gnolls (D:5)
  2 river rats (D:5)
  6 shadow imps
  4 white imps
  A worker ant simulacrum (D:9)
  An ufetubus (Sewer)
  5 oozes
  An adder zombie (D:7)
  An adder skeleton (D:4)
  4 worms
  6 leopard geckos
  47 orcs
  8 giant cockroaches
  5 goblins
  5 hobgoblins
  23 jackals
  21 kobolds
  5 quokkas
  8 ball pythons
  11 bats
  2 frilled lizards (D:1)
  A gnoll zombie (Ossuary)
  2 goblin zombies (Ossuary)
  A hobgoblin zombie (Ossuary)
  A jackal skeleton (D:5)
  A kobold zombie (Sewer)
  2 orc zombies (Ossuary)
  3 quokka skeletons
  2 quokka zombies
  12 rats
  A rat zombie (D:4)
315 creatures vanquished.

Vanquished Creatures (others)
  2 plants (D:2)
2 creatures vanquished.

Grand Total: 317 creatures vanquished

Notes
Turn   | Place    | Note
-------+----------+-------------------------------------------
     0 | Abyss:1  | kae the Hill Orc Abyssal Knight began the quest for the
                  | Orb.
     0 | Abyss:1  | Reached XP level 1. HP: 19/19 MP: 2/2
    68 | Abyss:1  | Noticed a red devil
    70 | D:1      | Escaped the Abyss
   161 | D:1      | Reached skill level 3 in Axes
   319 | D:1      | Reached XP level 2. HP: 22/27 MP: 3/3
   319 | D:1      | Reached skill level 1 in Dodging
  1096 | D:2      | Reached XP level 3. HP: 33/33 MP: 5/5
  1198 | D:2      | Found a faded altar of an unknown god.
  1220 | D:2      | Reached ** piety under Lugonu
  1478 | D:2      | Noticed Terence
  1491 | D:2      | Killed Terence
  1491 | D:2      | Reached skill level 4 in Axes
  1491 | D:2      | Reached XP level 4. HP: 38/40 MP: 6/6
  2357 | D:3      | Reached XP level 5. HP: 20/46 MP: 7/7
  2583 | D:3      | Reached skill level 5 in Axes
  2790 | D:3      | Reached *** piety under Lugonu
  3289 | D:3      | Reached XP level 6. HP: 53/53 MP: 8/8
  3531 | D:3      | Found a sparkling altar of Nemelex Xobeh.
  3867 | D:4      | Noticed Edmund
  3884 | D:4      | Noticed Eustachio
  3891 | D:4      | Found a sand-covered staircase.
  3898 | Ossuary  | Entered an ossuary
  4605 | D:4      | Killed Eustachio
  4605 | D:4      | Reached skill level 5 in Fighting
  4605 | D:4      | Reached skill level 6 in Axes
  4605 | D:4      | Reached XP level 7. HP: 52/61 MP: 10/10
  4738 | D:4      | Found a staircase to the Ecumenical Temple.
  5038 | D:4      | Found a shadowy altar of Dithmenos.
  5039 | D:4      | Got an ichor-stained hand axe
  5040 | D:4      | Identified the +5 hand axe of Frustration {vamp, Int+3}
                  | (You found it on level 4 of the Dungeon)
  5264 | D:4      | Killed Edmund
  5264 | D:4      | Reached skill level 7 in Axes
  5264 | D:4      | Reached skill level 5 in Invocations
  5303 | D:4      | Found a snail-covered altar of Cheibriados.
  5684 | D:5      | Entered Level 5 of the Dungeon
  5690 | D:5      | Reached XP level 8. HP: 69/69 MP: 11/11
  5710 | D:5      | Found a runed translucent door.
  5716 | D:5      | Found a basalt altar of Yredelemnul.
  5819 | D:5      | Reached **** piety under Lugonu
  5950 | D:5      | Reached skill level 8 in Axes
  6054 | D:5      | Found a glowing drain.
  6068 | Sewer    | Entered a sewer
  6264 | Sewer    | Found an ancient bone altar of Kikubaaqudgha.
  6286 | Sewer    | Reached skill level 5 in Armour
  6446 | Sewer    | Reached ***** piety under Lugonu
  6469 | Sewer    | Noticed Grinder
  6477 | Sewer    | Killed Grinder
  6477 | Sewer    | Reached skill level 9 in Axes
  6477 | Sewer    | Reached XP level 9. HP: 66/77 MP: 13/13
  6604 | Sewer    | Identified a scroll of acquirement
  6604 | Sewer    | Acquired a manual of Invocations
  7548 | D:6      | Noticed Blork the orc
  7554 | D:6      | Killed Blork the orc
  8141 | D:7      | Noticed Prince Ribbit
  8158 | D:7      | Killed Prince Ribbit
  8237 | D:7      | Reached skill level 10 in Axes
  8418 | D:7      | Noticed Joseph
  8452 | D:7      | Killed Joseph
  8732 | D:7      | Reached XP level 10. HP: 77/85 MP: 16/16
  9064 | D:7      | Found a glowing golden altar of the Shining One.
  9125 | D:7      | Reached skill level 11 in Axes
  9323 | D:8      | Found an ancient bone altar of Kikubaaqudgha.
  9553 | D:8      | Reached skill level 5 in Dodging
 10026 | D:8      | Reached skill level 10 in Invocations
 10541 | D:9      | Reached ****** piety under Lugonu
 10546 | D:9      | Reached skill level 12 in Axes
 10562 | D:9      | Noticed a brown ugly thing
 10587 | D:9      | Banished a brown ugly thing
 11237 | D:9      | Paralysed by a hornet for 1 turns
 11239 | D:9      | Paralysed by a hornet for 2 turns
 11244 | D:9      | HP: 3/90 [hornet (11)]
 11607 | D:8      | Reached XP level 11. HP: 93/95 MP: 19/19
 12095 | D:10     | Entered Level 10 of the Dungeon
 12319 | D:10     | Paralysed by a hornet for 1 turns
 12323 | D:10     | Mangled by a gargoyle

Illustrated notes

Levels and vault maps discovered:
D:1:      tarquinn_simple_flora_water_c, layout_loops_ring, st_stairs_8
D:2:      wad_lake_hut, layout_loops_corners, chequers_ecumenical_altar_island,
          patterned_corridor, uniq_terence
D:3:      layout_loops_corners, nemelex_xobeh_ov_fountains_minmay
D:4:      layout_cave_pods, grunt_dithmenos_smoke_and_mirrors,
          minmay_temple_entry_sparse_star, enter_ossuary_4, cheibriados_altar_1,
          uniq_edmund, uniq_eustachio
D:5:      layout_layer_cave, portal_sewer_entry_b, dk_yredelemnul_ordeal
D:6:      layout_loops_ring, uniq_blork_the_orc
D:7:      layout_gridville, nicolae_tso_carved_into_rock, uniq_joseph,
          uniq_prince_ribbit1
D:8:      layout_loops_ring, kiku_gazebo_pond_becter
D:9:      layout_grid_maze, minmay_pinched_square
D:10:     layout_stronghold, erik_lair_orcish_takeover,
          gammafunk_ghost_stat_death, uniq_snorg

Skill      XL: |  1  2  3  4  5  6  7  8  9 10 11 |
---------------+----------------------------------+-----
Axes           | 3 4 5 6 7 9 10 12 | 12.7
Dodging        | 1 2 3 4 5 |  5.7
Fighting       | 4 5 6 7 8 9 |  9.0
Invocations    | 3 4 5 6 8 11 | 11.3
Armour         | 3 4 5 6 7 |  7.8

Action                   |  1- 3 |  4- 6 |  7- 9 | 10-12 || total
-------------------------+-------+-------+-------+-------++-------
Melee: Hand axe          |    71 |   259 |   449 |   429 ||  1208
Invok: Banish            |       |       |       |     3 ||     3
  Use: Potion            |     1 |     2 |       |     1 ||     4
       Scroll            |       |    15 |     4 |     8 ||    27
 Stab: Distracted        |       |       |       |     1 ||     1
Armor: Leather armour    |    12 |       |       |       ||    12
       Ring mail         |    18 |    56 |       |       ||    74
       Scale mail        |       |    35 |   155 |   158 ||   348
       Skin              |       |       |       |     3 ||     3
Dodge: Dodged            |    47 |   113 |   211 |   242 ||   613

Table legend: (Time is in decaauts)
 A = Elapsed time spent in this place.
 B = Non-inter-level travel time spent in this place.
 C = Inter-level travel time spent in this place.
 D = Time resting spent in this place.
 E = Time spent auto-exploring this place.
 F = Levels seen in this place.
 G = Mean time per level.
                   A        B        C        D        E       F      G
               +--------+--------+--------+--------+--------+-----+--------+
         Total |  12249 |  11902 |    347 |   2073 |   7773 |  13 |  942.2 |
       Dungeon |  10913 |  10566 |    347 |   1625 |   7264 |  10 | 1091.3 |
         Abyss |     70 |     70 |      0 |     47 |      0 |   1 |   70.0 |
         Sewer |    564 |    564 |      0 |     40 |    352 |   1 |  564.0 |
       Ossuary |    701 |    701 |      0 |    361 |    157 |   1 |  701.0 |
               +--------+--------+--------+--------+--------+-----+--------+

Top non-repeatable levels by time:
     D:3: 1549 daAuts
     D:8: 1485 daAuts
     D:9: 1472 daAuts
     D:2: 1309 daAuts
     D:5: 1199 daAuts
     D:4: 1114 daAuts
     D:7: 1085 daAuts
     D:1: 1002 daAuts
 Ossuary: 701 daAuts
     D:6: 651 daAuts
   Sewer: 564 daAuts
 Abyss:1: 70 daAuts
    D:10: 43 daAuts
